 Dungeon Crawl Stone Soup version 0.29.0-4-gdea44cf6ec (webtiles) character file.

Game seed: 3973308988483874225

37 qw the Chopper (level 3, -3/21 HPs)
             Began as a Tengu Warper on Aug 28, 2022.
             Killed from afar by Robin (15 damage)
             ... with a bolt of dispelling energy
             ... on level 2 of the Dungeon.
             The game lasted 00:00:07 (1705 turns).

qw the Chopper (Tengu Warper)                       Turns: 1705, Time: 00:00:08

Health: -3/21      AC:  5    Str: 13    XL:     3   Next: 41%
Magic:  7/7        EV: 11    Int: 13    God:
Gold:   84         SH:  0    Dex: 13    Spells: 6/6 levels left

rFire   . . .      SeeInvis +   Y - +0 hand axe
rCold   . . .      Faith    .   (no shield)
rNeg    . . .      Spirit   .   d - +0 ring mail
rPois   .          Reflect  .   (helmet restricted)
rElec   .          Harm     .   (no cloak)
rCorr   .          Rampage  .   (no gloves)
Will    .....                   (boots unavailable)
Stlth   +.........              (no amulet)
HPRegen 0.07/turn               h - ring of see invisible
MPRegen 0.10/turn               (no ring)

@: no status effects
A: beak, talons 3
a: no special abilities


You were on level 2 of the Dungeon.
You visited 1 branch of the dungeon, and saw 2 of its levels.

You collected 84 gold pieces.


Innate Abilities, Weirdness & Mutations

You have a beak for a mouth.
You have claws for feet.


   Skills:
 - Level 2.0 Fighting
 + Level 4.1 Axes
 - Level 1.0 Throwing
 - Level 1.1 Armour
 - Level 2.1 Dodging
 - Level 2.0 Spellcasting
 - Level 2.4 Translocations


You had 6 spell levels left.
You didn't know any spells.
Your spell library contained the following spells:

 Spells                   Type           Power      Damage    Failure   Level
 Blink                    Tloc           14%        N/A       30%         2
 Gell's Gravitas          Tloc           7%         N/A       52%         3
 Lesser Beckoning         Tloc           7%         N/A       52%         3
 Teleport Other           Tloc           7%         N/A       52%         3
 Manifold Assault         Tloc           7%         N/A       99%         5

Inventory:

Hand Weapons
 f - a +0 club
 Y - a +0 hand axe (weapon)
Armour
 d - a +0 ring mail (worn)
Jewellery
 h - a ring of see invisible (left hand)
Scrolls
 a - 2 scrolls of teleportation
 b - 3 scrolls of identify
Potions
 c - a potion of attraction {unknown}
 e - a potion of curing {unknown}

Dungeon Overview and Level Annotations

Branches:
Dungeon (2/15)

Altars:

Shops:
D:1 (

Annotations:
D:2 Robin


Message History

You start waiting.
A goblin is nearby!
You hit the goblin but do no damage. You hit the goblin but do no damage.
The goblin misses you.
You closely miss the goblin. You claw the goblin.
You kill the goblin!
You hit the goblin.
You kill the goblin!
You start waiting.
A hobgoblin is nearby!
You hit the hobgoblin.
You kill the hobgoblin!
You start waiting.
Robin is nearby!
A goblin comes into view. It is wielding a +0 club.
A goblin comes into view. It is wielding a +0 club.
Robin closely misses you.
Things that are here:
a +0 club; a +0 dagger; a goblin corpse The goblin shouts!
You hit Robin.
Robin is moderately wounded.
A goblin comes into view. It is wielding a +0 dagger.
Robin roars a battlecry!
The goblins go into a battle-frenzy!
You hear a shout!
You hit Robin but do no damage. You peck Robin.
Robin is heavily wounded.
You hear a shout! x2
A goblin comes into view. It is wielding a +0 club.
Robin zaps a wand.
The bolt of dispelling energy hits you!
You hit Robin.
Robin is heavily wounded.
Robin misses you.
You hit Robin but do no damage. You claw Robin.
Robin is almost dead.
Robin zaps a wand.
The bolt of dispelling energy hits you!
Ouch! That really hurt!
You die...

#..# #..# ..# #.## ###.#
###.# #...####...# ..
##.#......###
#gg########..#.######
.g.....#..#..####..
#g.g...#........#
#########@#....>##########
#........)......#...%.....
#..............(......####
#......#....##....###.#
#........#..#####.....####
#..........## #####.....
#........### ####..
#>.......# ### #........#
#


You could see Robin and 4 goblins.

Vanquished Creatures
  2 dart slugs (D:1)
  2 endoplasms
  2 giant cockroaches
  6 goblins
  4 hobgoblins
  3 quokkas (D:1)
  2 ball pythons (D:1)
  2 bats
  A frilled lizard (D:1)
  2 kobolds
  3 rats (D:1)
29 creatures vanquished.

Notes
Turn   | Place    | Note
-------+----------+-------------------------------------------
     0 | D:1      | qw the Tengu Warper began the quest for the Orb.
     0 | D:1      | Reached XP level 1. HP: 12/12 MP: 4/4
     0 | D:1      | 0 ||| qw: Version: 0.1-a-89-g26bdef1
     0 | D:1      | 0 ||| qw: Game counter: 2757
     0 | D:1      | 0 ||| qw: Always use a shield: true
     0 | D:1      | 0 ||| qw: God list: Okawaru
     0 | D:1      | 0 ||| qw: Allow faded altars: false
     0 | D:1      | 0 ||| qw: Do Orc after D:15 true
     0 | D:1      | 0 ||| qw: Do second Lair branch before Depths: true
     0 | D:1      | 0 ||| qw: Lair rune preference: random
     0 | D:1      | 0 ||| qw: Plans: Normal
     0 | D:1      | 0 ||| PLANNING D:1-11
   160 | D:1      | 160 ||| Stepping ~*~*~tactically~*~*~ (hiding).
   262 | D:1      | 262 ||| Stepping ~*~*~tactically~*~*~ (hiding).
   272 | D:1      | Reached skill level 3 in Axes
   272 | D:1      | Reached XP level 2. HP: 17/17 MP: 6/6
   392 | D:1      | 392 ||| Stepping ~*~*~tactically~*~*~ (stealth).
   615 | D:1      | Found Tate's Antique Weapon Shoppe.
   618 | D:1      | 618 ||| SHOPLISTING mace (72 gold, have 44).
   618 | D:1      | 618 ||| SHOPLISTING war axe (84 gold, have 44).
   618 | D:1      | 618 ||| SHOPLISTING whip (60 gold, have 44).
  1120 | D:1      | Reached XP level 3. HP: 21/21 MP: 7/7
  1353 | D:1      | 1353 ||| UPGRADING to +0 ring mail.
  1363 | D:1      | 1363 ||| DROPPING +0 leather armour.
  1364 | D:1      | 1364 ||| UPGRADING to ring of see invisible.
  1365 | D:1      | 1365 ||| READING 3 scrolls labelled JAYGGEYME.
  1368 | D:1      | 1368 ||| READING scroll labelled ONTUDA ZEWU.
  1369 | D:1      | 1369 ||| READING scroll labelled OSU FUSHAEQ.
  1370 | D:1      | 1370 ||| READING scroll labelled PIUNGU SEASHAM.
  1371 | D:1      | 1371 ||| DROPPING scroll of blinking.
  1586 | D:2      | Reached skill level 4 in Axes
  1689 | D:2      | Noticed Robin
  1690 | D:2      | 1690 ||| Stepping ~*~*~tactically~*~*~ (hiding).
  1705 | D:2      | Killed from afar by Robin

Levels and vault maps discovered:
D:1:      dpeg_arrival_ternary, layout_basic, serial_shops,
          nicolae_shop_behind_doors, minmay_misc_feat_cross, st_stairs_12,
          hangedman_decor_points
D:2:      layout_rooms, minmay_misc_feat_tiny, uniq_robin

Skill      XL: |  1  2  3 |
---------------+----------+-----
Axes           | 3 4 |  4.1
Fighting       | |  2.0
Throwing       | |  1.0
Armour         | |  1.1
Dodging        | |  2.1
Spellcasting   | |  2.0
Translocations | |  2.4

Action                   || total
-------------------------++-------
Melee: Hand axe          ||    63
       Kick              ||    12
       Punch             ||     1
       Peck              ||     3
Throw: Boomerang         ||     7
  Use: Scroll            ||     4
Armor: Leather armour    ||     7
       Ring mail         ||     9
Dodge: Dodged            ||    31

Table legend:
 A = Non-vault XP
 B = Vault XP
 C = Vault XP percentage of total XP
 D = Non-vault monster count
 E = Vault monster count
 F = Vault count percentage of total count
                 A         B        C        D         E       F
            +---------+---------+-------+---------+---------+-------
      Total |      43 |      11 |  20.4 |      24 |       5 |  17.2
            +---------+---------+-------+---------+---------+-------
        D:1 |      31 |       4 |  11.4 |      18 |       1 |   5.3
        D:2 |      12 |       7 |  36.8 |       6 |       4 |  40.0
            +---------+---------+-------+---------+---------+-------
